AoeStats
← Daniel2112

Arena

510188883Analyzed
4v4 RM · 3d ago on Sep 29, 2026· 40m 5s· 8 players
Game mode
Random Map
Map size
Large (8 player)
Population
200
Speed
Normal
Resources
Standard
Victory
Conquest
Starting age
Dark Age
Ending age
Imperial Age
RankedLock teamsTeams togetherTeam positionsShared explorationLock speedFull tech treeHidden civsTurbo modeCheats
Victory
Defeat
🇨🇱 Poles · Chile
959
+38
🇧🇷 Armenians · Brazil
940
+15
🇺🇸 Wu · United States
926
+15
🇩🇪 Hindustanis · Germany
901
+17
🇦🇷 Bohemians · Argentina
930
-16
🇦🇷 Vietnamese · Argentina
923
-16
🇦🇷 Italians · Argentina
901
-15
🇦🇷 Varangians · Argentina
878
-14
PsicoDelico
11:10 Feudal Age
11:50 Loom
12:24 Double-Bit Axe
13:45 Wheelbarrow
13:09 Horse Collar
14:34 Town Watch
17:13 Gold Mining
19:24 Castle Age
19:28 Man-at-Arms
20:09 Squires
19:55 Gambesons
19:56 Arson
20:45 Bow Saw
22:09 Heavy Plow
22:38 Hand Cart
27:12 Pikeman
30:37 Gold Shaft Mining
30:54 Long Swordsman
32:54 Forging
32:50 Scale Barding Armor
32:46 Scale Mail Armor
32:38 Fletching
33:41 Two-Handed Swordsman
34:32 Caravan
38:14 Imperial Age
38:54 Champion
39:43 Heavy Scorpion
39:44 Capped Ram
Surfer's Gambit
1:39 Loom
12:06 Feudal Age
13:27 Man-at-Arms
15:58 Wheelbarrow
15:08 Town Watch
18:43 Castle Age
17:58 Scale Mail Armor
18:09 Forging
17:47 Town Watch
18:17 Arson
19:11 Horse Collar
19:17 Double-Bit Axe
19:25 Gold Mining
20:08 Squires
20:34 Arson
22:10 Arson
23:16 Stone Mining
23:32 Pikeman
26:03 Stone Shaft Mining
25:54 Bow Saw
26:01 Heavy Plow
28:23 Hand Cart
28:38 Fletching
29:18 Bodkin Arrow
29:37 Red Cliffs Tactics
33:21 Imperial Age
32:39 Gold Shaft Mining
32:58 Padded Archer Armor
33:26 Elite Fire Archer
34:27 Conscription
35:27 Bracer
39:09 Ballistics
39:49 Chemistry
39:12 Ballistics
38:34 Treadmill Crane
The_Marshall
12:10 Feudal Age
14:02 Double-Bit Axe
15:19 Wheelbarrow
14:48 Horse Collar
15:05 Stone Mining
15:14 Gold Mining
20:49 Castle Age
22:08 Heavy Plow
22:30 Bow Saw
23:02 Stone Shaft Mining
23:03 Gold Shaft Mining
22:18 Loom
23:15 Wheelbarrow
23:50 Grand Trunk Road
30:11 Scale Barding Armor
30:18 Forging
33:49 Imperial Age
31:49 Husbandry
32:01 Bloodlines
32:48 Iron Casting
32:41 Chain Barding Armor
35:07 Heavy Camel Rider
36:52 Town Watch
37:49 Imperial Camel Rider
39:38 Blast Furnace
39:31 Plate Barding Armor
Daniel2112
10:54 Feudal Age
11:25 Double-Bit Axe
12:21 Wheelbarrow
11:45 Town Watch
19:12 Castle Age
18:59 Horse Collar
20:40 Bow Saw
20:00 Pikeman
20:42 Squires
22:17 Szlachta Privileges
22:59 Scale Mail Armor
26:28 Town Patrol
32:29 Imperial Age
30:58 Forging
30:54 Scale Barding Armor
31:06 Chain Mail Armor
31:03 Heavy Plow
32:44 Cavalier
33:25 Husbandry
39:04 Crop Rotation
39:24 Chain Barding Armor
StuartLittle
11:38 Feudal Age
15:37 Castle Age
14:06 Double-Bit Axe
16:47 Pikeman
18:06 Loom
22:32 Horse Collar
24:22 Bow Saw
27:39 Wheelbarrow
27:23 Forging
28:42 Chemistry
30:14 Scale Mail Armor
30:17 Town Watch
33:00 Hand Cart
32:58 Heavy Plow
33:13 Town Patrol
36:20 Imperial Age
35:37 Redemption
38:50 Siege Engineers
Sr. Claudio
10:23 Feudal Age
10:46 Feudal Age
15:54 Castle Age
18:34 Stone Mining
18:31 Double-Bit Axe
18:30 Horse Collar
20:34 Bow Saw
20:54 Gold Mining
21:03 Fletching
21:13 Padded Archer Armor
23:27 Heavy Plow
25:33 Elite Skirmisher
27:41 Bodkin Arrow
28:01 Leather Archer Armor
29:50 Leather Archer Armor
29:48 Forging
29:41 Scale Mail Armor
31:35 Wheelbarrow
33:59 Imperial Age
31:26 Town Watch
34:59 Iron Casting
34:40 Chain Mail Armor
34:40 Squires
35:22 Stone Shaft Mining
35:35 Elite Fire Lancer
38:05 Chemistry
37:26 Ballistics
38:25 Thumb Ring
38:44 Crossbowman
joaquinlopezlopez90
8:41 Loom
10:58 Feudal Age
16:30 Castle Age
14:24 Double-Bit Axe
15:45 Horse Collar
17:48 Bow Saw
19:25 Bloodlines
22:41 Scale Barding Armor
26:35 Gold Mining
32:16 Scale Mail Armor
33:17 Wheelbarrow
33:23 Heavy Plow
34:43 Forging
34:51 Chain Mail Armor
34:58 Chain Barding Armor
35:37 Husbandry
38:48 Iron Casting
41:01 Imperial Age
SauronBestial
12:19 Feudal Age
16:42 Castle Age
18:03 Scale Barding Armor
18:09 Forging
18:18 Double-Bit Axe
18:16 Horse Collar
19:22 Wheelbarrow
21:59 Town Watch
22:15 Loom
23:07 Bloodlines
24:11 Town Patrol
24:20 Husbandry
25:22 Hand Cart
26:20 Bow Saw
27:02 Chain Barding Armor
27:36 Gold Mining
27:49 Padded Archer Armor
27:42 Fletching
30:54 Bodkin Arrow
33:52 Imperial Age
32:44 Light Cavalry
34:28 Leather Archer Armor
38:30 Bracer
Connection lost

Rejoining the realm…

Still unreachable

The connection could not be restored.

Session expired

The server has moved on; the page needs a fresh start.